 Dungeon Crawl Stone Soup version 0.16-a0-4108-g6e49b0d (webtiles) character file.

267 Chiseanne the Skirmisher (level 6, -7/48 HPs)
             Began as a Mummy Monk on Feb 26, 2015.
             Hit by a tomahawk of returning thrown by an orc warrior (16 damage)
             ... on level 4 of the Dungeon.
             The game lasted 00:11:13 (5165 turns).

Chiseanne the Skirmisher (Mummy Monk)               Turns: 5165, Time: 00:11:14

Health: -7/48      AC: 10    Str: 15    XL:     6   Next: 0%
Magic:  6/6        EV:  8    Int:  9    God:
Gold:   180        SH:  0    Dex: 15    Spells: 0 memorised, 5 levels left

rFire  x . .     SeeInvis .       - Unarmed
rCold  + . .     Clarity  .     a - +0 chain mail
rNeg   + + +     SustAb   .     (no shield)
rPois  ∞         Gourm    .     (no helmet)
rElec  .         Spirit   .     n - -1 cloak (curse)
rCorr  .         Warding  .     o - +0 pair of gloves
rMut   .         Stasis   .     (no boots)
MR     .....                    (no amulet)
Stlth  ..........               (no ring)
                                (no ring)

@: not resistant to hostile enchantments, extremely unstealthy
A: no food or potions, fire vulnerability, restore body, cold resistance 1,
negative energy resistance 3, poison resistance, torment resistance, unbreathing
a: no special abilities


You were on level 4 of the Dungeon.
You were not hungry.

You visited 1 branch of the dungeon, and saw 4 of its levels.

You collected 180 gold pieces.

Inventory:

Hand weapons
 k - a +0 war axe
Missiles
 b - 46 stones (quivered)
 e - 8 needles of confusion
 f - 18 sling bullets
 g - 13 poisoned needles
 h - 14 arrows of flame
 j - 14 sling bullets of flame
 l - 23 bolts
 m - 7 javelins
Armour
 a - a +0 chain mail (worn)
 n - a cursed -1 cloak (worn)
 o - a +0 pair of gloves (worn)
Scrolls
 c - 3 scrolls of identify
 d - 2 scrolls of remove curse
 i - a scroll of amnesia


   Skills:
 * Level 3.9 Fighting
 * Level 3.6 Armour
 * Level 3.3 Dodging
 - Level 1.5 Stealth
 - Level 3.2 Unarmed Combat


You had 5 spell levels left.
You didn't know any spells.

Dungeon Overview and Level Annotations

Branches:
Dungeon (4/15)
 Temple: D:4-7

Altars:
Ashenzari
Elyvilon
The Shining One

Annotations:
D:2 1 exclusion
D:3 Sigmund


Innate Abilities, Weirdness & Mutations

You do not eat or drink.
Your flesh is vulnerable to fire.
Your flesh is cold resistant.
You are immune to negative energy.
Your system is resistant to poisons.
You are immune to unholy pain and torment.
You can survive without breathing.


Message History

The tomahawk of returning completely misses you.
The weapon returns to the orc warrior!
The orc warrior throws a tomahawk of returning.
The tomahawk of returning hits you!
The weapon returns to the orc warrior!
The orc warrior throws a tomahawk of returning.
The tomahawk of returning hits you.
The weapon returns to the orc warrior!
The orc warrior throws a tomahawk of returning.
The tomahawk of returning hits you!
* * * LOW HITPOINT WARNING * * *
You see here a tomahawk of returning.
The orc warrior throws a tomahawk of returning.
The tomahawk of returning closely misses you.
The weapon returns to the orc warrior!
The orc warrior throws a tomahawk of returning.
The tomahawk of returning barely misses you.
The weapon returns to the orc warrior!
There is a stone staircase leading down here.
The orc warrior throws a tomahawk of returning.
The tomahawk of returning hits you!
You die...

#.#......## .## #.#.......######
....# ##.............. ....#
#####.........####.# ....##
####.............##.... .....#
###................#.....
oo...####.............###..#.....
..... #...............# #......_.
....# #....(....@....## ##.#.....
....###..............# #.#.....
...#.##..o)..........# #.##.)..
..###.)..............# #.####.#
.# ##..............## #....... #
#..............# ##......
##............## #######
#.8.........## #...........#


You could see an orc warrior.

Vanquished Creatures
  A hound (D:4)
  An orc priest (D:4)
  An orc wizard (D:4)
  A worker ant (D:4)
  Jessica (D:3)
  4 adders
  A giant mite (D:2)
  A worm (D:2)
  2 giant geckos
  An ooze (D:4)
  8 orcs
  2 ball pythons
  7 hobgoblins
  4 jackals (D:3)
  13 kobolds
  A quokka (D:3)
  8 bats
  6 giant cockroaches
  5 giant newts
  10 goblins
  7 rats
85 creatures vanquished.

Notes
Turn   | Place    | Note
--------------------------------------------------------------
     0 | D:1      | Chiseanne, the Mummy Monk, began the quest for the Orb.
     0 | D:1      | Reached XP level 1. HP: 18/18 MP: 1/1
   587 | D:1      | Reached XP level 2. HP: 21/24 MP: 2/2
  1530 | D:1      | Reached XP level 3. HP: 19/29 MP: 3/3
  2270 | D:2      | Found a white marble altar of Elyvilon.
  2890 | D:2      | Reached skill level 1 in Armour
  3114 | D:3      | Reached XP level 4. HP: 33/35 MP: 4/4
  3205 | D:3      | Noticed Jessica
  3215 | D:3      | Killed Jessica
  3847 | D:3      | Reached XP level 5. HP: 39/41 MP: 5/5
  4193 | D:3      | Noticed Sigmund
  4245 | D:4      | Found a shattered altar of Ashenzari.
  4607 | D:4      | Found a glowing golden altar of the Shining One.
  4877 | D:4      | Noticed an orc warrior
  5146 | D:4      | Reached XP level 6. HP: 29/48 MP: 6/6
  5165 | D:4      | Hit by a tomahawk of returning thrown by an orc warrior

Action                   |  1- 3 |  4- 6 || total
-------------------------+-------+-------++-------
Melee: Unarmed           |   234 |   278 ||   512
Evoke: Wand              |     6 |       ||     6
  Use: Scroll            |     2 |     2 ||     4
 Stab: Confused          |     1 |       ||     1
